 Dungeon Crawl Stone Soup version 0.24.0-28-g17ded55e90 (webtiles) character file.

Game seed: 10230530312554216908, levelgen mode: deterministic

20389 Freitmort the Thaumaturge (level 12, -1/60 HPs)
             Began as a Deep Elf Fire Elementalist on Nov 5, 2019.
             Was a High Priest of Vehumet.
             Slain by a blink frog (16 damage)
             ... on level 2 of the Lair of Beasts on Nov 11, 2019.
             The game lasted 01:55:34 (19355 turns).

Freitmort the Thaumaturge (DEFE)                   Turns: 19355, Time: 01:55:36

Health: -1/60      AC:  6    Str:  7    XL:     12   Next: 44%
Magic:  22/32      EV: 15    Int: 24    God:    Vehumet [*****.]
Gold:   950        SH:  0    Dex: 18    Spells: 20/40 levels left

rFire    . . .     SeeInvis .   y - +5 dagger (protect)
rCold    . . .     Gourm    .   (no shield)
rNeg     . . .     Faith    .   a - +1 robe
rPois    .         Spirit   .   (no helmet)
rElec    .         Reflect  .   (no cloak)
rCorr    +         Harm     .   p - +2 pair of gloves {Dex+3}
MR       ++...                  (no boots)
Stlth    +++.......             (no amulet)
HPRegen  0.20/turn              x - ring of protection from magic
MPRegen  0.23/turn              b - ring of resist corrosion

@: no status effects
A: no striking features
a: Renounce Religion


You were on level 2 of the Lair of Beasts.
You worshipped Vehumet.
Vehumet was extremely pleased with you.
You were hungry.

You visited 3 branches of the dungeon, and saw 15 of its levels.

You collected 950 gold pieces.

Inventory:

Hand Weapons
 k - a +3 dagger of pain
 y - a +5 dagger of protection (weapon)
Armour
 a - a +1 robe (worn)
 p - a +2 pair of gloves of dexterity (worn)
Magical Staves
 r - an uncursed staff of death
Jewellery
 b - a ring of resist corrosion (right hand)
 s - an uncursed ring of protection from cold
 t - an uncursed amulet of faith
 x - a ring of protection from magic (left hand)
 D - an uncursed ring of ice
Wands
 j - a wand of polymorph (6)
 w - a wand of disintegration (26)
 z - a wand of paralysis (4)
Scrolls
 e - 4 scrolls of teleportation
 n - 3 scrolls of blinking
 o - 2 scrolls of remove curse
 q - 2 scrolls of amnesia
 A - 3 scrolls of identify
 E - 2 scrolls of magic mapping
 F - a scroll of fog
Potions
 d - 3 potions of cancellation
 f - 3 potions of curing
 g - 3 potions of agility
 h - 3 potions of ambrosia
 i - 2 potions of heal wounds
 l - 2 potions of flight
 m - 4 potions of might
 u - a potion of lignification {unknown}
 v - a potion of invisibility
Comestibles
 c - 22 rations


   Skills:
 + Level 0.6 Fighting
 + Level 4.4 Dodging
 + Level 4.5 Stealth
 + Level 14.7 Spellcasting
 + Level 11.4 Conjurations
 + Level 11.4 Fire Magic
 * Level 7.5 Earth Magic
 + Level 5.1 Evocations


You had 20 spell levels left.
You knew the following spells:

 Your Spells              Type           Power        Failure   Level  Hunger
a - Flame Tongue          Conj/Fire      #####        1%          1    None
b - Throw Flame           Conj/Fire      ######       1%          2    None
c - Conjure Flame         Conj/Fire      ######..     1%          3    None
d - Sticky Flame          Conj/Fire      ######..     1%          4    None
e - Fireball              Conj/Fire      ######....   1%          5    ##.....
f - Sandblast             Erth           ######       1%          1    None
g - Magic Dart            Conj           ####         1%          1    None
h - Stone Arrow           Conj/Erth      ######       1%          3    None

Your spell library contained the following spells:

 Spells                   Type           Power        Failure   Level  Hunger
 Irradiate                Conj/Tmut      #####.....   2%          5    ##.....
 Inner Flame              Hex/Fire       #####...     1%          3    None
 Infusion                 Chrm           ###.         3%          1    None
 Shroud of Golubria       Chrm/Tloc      ###...       4%          2    None
 Song of Slaying          Chrm           ###.....     4%          2    None
 Regeneration             Chrm/Necr      ###.......   10%         3    None
 Spectral Weapon          Hex/Chrm       ###.....     10%         3    None


Dungeon Overview and Level Annotations

Branches:
Dungeon (12/15)            Temple (1/1) D:5            Lair (2/6) D:11
    Orc (0/2) D:10
  Swamp: Lair:2-4    Shoals: Lair:2-4     Snake: Lair:2-4    Spider: Lair:2-4

Altars:
Ashenzari
Cheibriados
Dithmenos
Elyvilon
Fedhas
Gozag
Hepliaklqana
Kikubaaqudgha
Makhleb
Nemelex Xobeh
Okawaru
Qazlal
Ru
Sif Muna
Trog
Uskayaw
Vehumet
Wu Jian
Xom
Yredelemnul
Zin
The Shining One

Annotations:
D:9 Gastronok, Joseph
D:10 2 transporters


Message History

The blink frog barely misses you.
Casting: Flame Tongue (safe; 1% risk of failure)
Confirm with . or Enter, or press ? or * to list all spells.
Aiming: Flame Tongue (safe; 1% risk of failure)
Press: ? - help, Shift-Dir - straight line, f/p - blink frog
Aim: a blink frog (severely wounded, covered in liquid flames)
The flame tongue misses the blink frog.
The blink frog burns!
The blink frog completely misses you.
Casting: Flame Tongue (safe; 1% risk of failure)
Confirm with . or Enter, or press ? or * to list all spells.
Aiming: Flame Tongue (safe; 1% risk of failure)
Press: ? - help, Shift-Dir - straight line, f/p - blink frog
Aim: a blink frog (severely wounded, covered in liquid flames)
The flame tongue hits the blink frog.
The blink frog is severely wounded.
The blink frog burns!
The blink frog completely misses you. The blink frog hits you!
* * * LOW HITPOINT WARNING * * *
The blink frog hits you!
You die...

###### #..#.# . #....# ..
##....# †.† #.....###
.††.######....F@.# ...
#.....P.#....F..# #...
#......!.....## #...##
#....<.......## #.....##
#P..###..........###..#...#.
..... ####.....###...P......
.... #.####.....P......# ...
### #.P......>.... ..
###P..........


You could see 2 blink frogs.

Vanquished Creatures
  Erolcha (D:10)
  A hydra (Lair:1)
  4 two-headed ogres
  Sonja (D:11)
  An unseen horror (D:11)
  An oklob plant (Lair:1)
  An ugly thing (D:12)
  A centaur zombie (D:12)
  A spiny frog (Lair:1)
  2 trolls
  5 blink frogs
  3 hippogriffs
  2 wraiths
  Sigmund (D:7)
  19 yaks
  4 vampire mosquitoes
  2 wyverns (D:8)
  Grum (D:9)
  An insubstantial wisp (D:11)
  4 water moccasins
  3 porcupines (Lair:2)
  3 black bears
  4 ice beasts
  7 orc warriors
  2 sky beasts
  5 ogres
  4 phantoms
  4 wolves (D:9)
  4 centaurs
  5 crocodiles
  A big kobold (D:11)
  12 bullfrogs
  3 scorpions
  19 killer bees
  3 howler monkeys
  A crimson imp (D:10)
  A bullfrog zombie (D:5)
  7 hounds
  3 jellies
  7 orc priests
  2 bullfrog skeletons
  3 centaur skeletons
  8 orc wizards
  4 iguanas
  4 worker ants
  7 hell rats
  2 hound skeletons
  Robin (D:2)
  2 gnolls
  16 adders
  2 shadow imps
  2 oozes
  4 worms
  4 adder skeletons
  2 dart slugs
  7 leopard geckos
  56 orcs
  2 ball pythons (D:3)
  3 giant cockroaches
  21 goblins
  9 hobgoblins
  14 jackals
  9 kobolds
  12 quokkas
  7 bats
  4 frilled lizards
  2 leopard gecko zombies
  A quokka skeleton (D:3)
  8 rats
372 creatures vanquished.

Vanquished Creatures (others)
  2 plants (D:11)
2 creatures vanquished.

Grand Total: 374 creatures vanquished

Notes
Turn   | Place    | Note
-------+----------+-------------------------------------------
     0 | D:1      | Freitmort the Deep Elf Fire Elementalist began the quest
                  | for the Orb.
     0 | D:1      | Reached XP level 1. HP: 10/10 MP: 6/6
   304 | D:1      | Reached XP level 2. HP: 15/15 MP: 4/8
   344 | D:1      | Learned a level 2 spell: Throw Flame
   552 | D:1      | Reached XP level 3. HP: 14/19 MP: 7/10
  1102 | D:1      | Learned a level 3 spell: Conjure Flame
  1892 | D:2      | Reached skill level 4 in Spellcasting
  1990 | D:2      | Reached XP level 4. HP: 24/24 MP: 6/12
  2107 | D:2      | Noticed Robin
  2653 | D:2      | Killed Robin
  2773 | D:3      | Learned a level 4 spell: Sticky Flame
  3081 | D:3      | Found a white marble altar of Elyvilon.
  3267 | D:3      | Reached XP level 5. HP: 28/28 MP: 1/13
  3703 | D:3      | Reached skill level 5 in Spellcasting
  4192 | D:3      | Reached XP level 6. HP: 32/32 MP: 13/16
  4615 | D:4      | Found a burning altar of Makhleb.
  4615 | D:4      | Noticed a cacodemon
  5496 | D:5      | Entered Level 5 of the Dungeon
  5514 | D:5      | Learned a level 5 spell: Fireball
  5521 | D:5      | Reached skill level 5 in Fire Magic
  5644 | D:5      | Found a staircase to the Ecumenical Temple.
  5653 | Temple   | Entered the Ecumenical Temple
  5690 | Temple   | Became a worshipper of Vehumet
  5752 | D:5      | Reached skill level 6 in Spellcasting
  5816 | D:5      | Found a glowing silver altar of Zin.
  5859 | D:5      | Found a stormy altar of Qazlal.
  6006 | D:5      | Found a glowing golden altar of the Shining One.
  6022 | D:5      | Noticed an ice beast
  6030 | D:5      | Killed an ice beast
  6030 | D:5      | Reached XP level 7. HP: 36/36 MP: 8/18
  6508 | D:6      | Reached skill level 7 in Spellcasting
  6508 | D:6      | Reached skill level 5 in Conjurations
  6754 | D:6      | Found an ancient bone altar of Kikubaaqudgha.
  6877 | D:6      | Found a hazy altar of Hepliaklqana.
  6951 | D:6      | Reached XP level 8. HP: 41/41 MP: 11/21
  7378 | D:6      | Reached * piety under Vehumet
  7378 | D:6      | Offered knowledge of Sandblast by Vehumet.
  7381 | D:6      | Learned a level 1 spell: Sandblast
  7404 | D:6      | Reached skill level 8 in Spellcasting
  7472 | D:6      | Reached skill level 1 in Earth Magic
  8220 | D:7      | Reached skill level 1 in Evocations
  8335 | D:7      | Noticed Sigmund
  8340 | D:7      | Killed Sigmund
  8340 | D:7      | Reached skill level 9 in Spellcasting
  9045 | D:7      | Reached XP level 9. HP: 45/45 MP: 18/24
  9618 | D:8      | Reached skill level 10 in Spellcasting
  9765 | D:8      | Found a sparkling altar of Nemelex Xobeh.
  9790 | D:8      | Noticed a two-headed ogre
  9877 | D:8      | Killed a two-headed ogre
 10153 | D:8      | Found an ornate altar of the Wu Jian Council.
 10159 | D:8      | Found a hide-covered altar of Uskayaw.
 10159 | D:8      | Found a shimmering blue altar of Sif Muna.
 10163 | D:8      | Found a sacrificial altar of Ru.
 10311 | D:8      | Noticed a two-headed ogre
 10593 | D:8      | Reached skill level 11 in Spellcasting
 10596 | D:8      | Killed a two-headed ogre
 10596 | D:8      | Reached XP level 10. HP: 50/50 MP: 3/27
 11245 | D:9      | Reached skill level 5 in Evocations
 11423 | D:9      | Noticed Gastronok
 11542 | D:9      | Noticed a centaur warrior
 11557 | D:9      | Noticed a centaur warrior
 11568 | D:9      | Noticed a skeletal warrior
 11654 | D:9      | Noticed Grum
 11863 | D:9      | Offered knowledge of Magic Dart by Vehumet.
 11866 | D:9      | Learned a level 1 spell: Magic Dart
 11870 | D:9      | Reached ** piety under Vehumet
 11999 | D:9      | Killed Grum
 12432 | D:9      | Noticed Joseph
 12483 | D:10     | Entered Level 10 of the Dungeon
 12532 | D:10     | Offered knowledge of Stone Arrow by Vehumet.
 12585 | D:10     | Learned a level 3 spell: Stone Arrow
 12641 | D:10     | Found a staircase to the Orcish Mines.
 12737 | D:10     | Reached *** piety under Vehumet
 12753 | D:10     | Reached skill level 12 in Spellcasting
 12993 | D:10     | Found a transporter.
 13000 | D:10     | Found a transporter.
 13405 | D:10     | Noticed Erolcha
 13408 | D:10     | Killed Erolcha
 13919 | D:10     | Reached XP level 11. HP: 54/54 MP: 21/29
 14344 | D:11     | Found Ubiashi's Book Emporium.
 14498 | D:11     | Offered knowledge of Olgreb's Toxic Radiance by Vehumet.
 14502 | D:11     | Noticed Sonja
 14781 | D:11     | Found a gate leading to a gauntlet.
 14784 | D:11     | Noticed a two-headed ogre
 15059 | D:11     | Reached skill level 10 in Conjurations
 15059 | D:11     | Reached skill level 10 in Fire Magic
 15447 | D:11     | Killed Sonja
 15447 | D:11     | Reached skill level 13 in Spellcasting
 15447 | D:11     | Reached skill level 5 in Earth Magic
 15526 | D:11     | Noticed an unseen horror
 15527 | D:11     | Killed an unseen horror
 15907 | D:11     | Reached **** piety under Vehumet
 16059 | D:11     | Upgraded the game from 0.24.0-13-gcf9b3192b9 to
                  | 0.24.0-28-g17ded55e90
 16079 | D:11     | Killed a two-headed ogre
 16169 | D:11     | Offered knowledge of Static Discharge by Vehumet.
 16251 | D:11     | Found a staircase to the Lair.
 16823 | D:12     | Noticed a two-headed ogre
 16830 | D:12     | Killed a two-headed ogre
 16832 | D:12     | Reached skill level 14 in Spellcasting
 16832 | D:12     | Reached XP level 12. HP: 60/60 MP: 9/32
 17345 | Lair:1   | Entered Level 1 of the Lair of Beasts
 17923 | Lair:1   | Noticed a seven-headed hydra
 17927 | Lair:1   | Killed a seven-headed hydra
 18505 | Lair:1   | Reached ***** piety under Vehumet
 18569 | Lair:2   | Offered knowledge of Irradiate by Vehumet.
 19355 | Lair:2   | Slain by a blink frog

Levels and vault maps discovered:
D:1:      erik_arrival_triangle_huge, layout_loops_ring, minmay_misc_feat_rows
D:2:      layout_basic, uniq_robin
D:3:      layout_basic, lemuel_crystal_altar,
          hangedman_abyss_or_decor_lesser_grid
D:4:      layout_basic, makhleb_altar_promises_db
D:5:      layout_rooms, kennysheep_little_box, nicolae_qazlal_general_emergency,
          nicolae_overflow_crystal_walls, minmay_temple_entry_arrows,
          first_ration
D:6:      layout_cave_pods, marbit_many_paths, overflow_temple_1_default
D:7:      layout_basic, grunt_ogre_cave, mrwooster_statue_mirror, sigmund_army
D:8:      layout_cave_pools, grunt_temple_overflow_open,
          overflow_temple_1_default, chequers_serial_rivers_marsh,
          minmay_increasing_density
D:9:      layout_roguey [special_room_orc], minivault_12, uniq_gastronok,
          uniq_grum, uniq_joseph
D:10:     gammafunk_jiyva_shrine, layout_layer_cave, orc_0_dummy,
          minmay_quadrilaterals, uniq_erolcha
D:11:     layout_rooms, lair_entry_dummy, gauntlet_entry_generic, serial_shops,
          nicolae_shop_trees, pond, uniq_sonja
D:12:     layout_irregular_city, uniq_azrael
Temple:   eino_temple_lava
Lair:1:   layout_chaotic_city, dpeg_stationary_puzzle, grunt_megastairs_3
Lair:2:   layout_cave_pods, minmay_shoals_entry_lonely_mermaid

Skill      XL: |  1  2  3  4  5  6  7  8  9 10 11 12 |
---------------+-------------------------------------+-----
Fire Magic     | 4 5 6 7 8 9 10 11 | 11.4
Spellcasting   | 4 5 6 7 9 11 12 14 | 14.7
Conjurations   | 2 3 4 5 7 8 9 10 11 | 11.4
Stealth        | 3 4 |  4.5
Earth Magic    | 2 4 6 7 |  7.5
Dodging        | 3 4 |  4.4
Evocations     | 1 4 5 |  5.1
Fighting       | |  0.6

Action                   |  1- 3 |  4- 6 |  7- 9 | 10-12 || total
-------------------------+-------+-------+-------+-------++-------
Melee: Dagger            |       |       |       |     3 ||     3
 Cast: Flame Tongue      |    76 |   121 |    76 |   110 ||   383
       Throw Flame       |     2 |    56 |    93 |   141 ||   292
       Sticky Flame      |       |     1 |    10 |    55 ||    66
       Fireball          |       |       |    22 |    71 ||    93
       Magic Dart        |       |       |       |    41 ||    41
       Stone Arrow       |       |       |       |    28 ||    28
       Conjure Flame     |       |       |       |     2 ||     2
  Use: Scroll            |     7 |     7 |     3 |    15 ||    32
       Potion            |       |       |       |     3 ||     3
  Eat: Chunk             |     3 |    12 |    12 |    18 ||    45
       Ration            |       |       |     3 |     4 ||     7
Armor: Robe              |     3 |     7 |     3 |    28 ||    41
Dodge: Dodged            |    12 |    19 |    21 |   113 ||   165
